 Dungeon Crawl Stone Soup version 0.22-a0-848-ge9e22a0 (webtiles) character file.

6385 vineage the Cleaver (level 11, -3/133 HPs)
             Began as a Formicid Fighter on July 26, 2018.
             Was a Priest of Okawaru.
             Slain by a two-headed ogre
             ... wielding a cursed +0 giant club
              (6 damage)
             ... on level 11 of the Dungeon.
             The game lasted 00:14:41 (8325 turns).

vineage the Cleaver (Formicid Fighter)              Turns: 8325, Time: 00:14:42

Health: -3/133     AC: 25    Str: 22    XL:     11   Next: 17%
Magic:  12/12      EV:  2    Int:  8    God:    Okawaru [***...]
Gold:   378        SH: 12    Dex: 16    Spells: 10/10 levels left

rFire    . . .     SeeInvis .   o - +6 broad axe of Gada {chop, rElec rN+ Stlth-}
rCold    + . .     Gourm    +   c - +1 shield
rNeg     + + +     Faith    .   (armour currently unavailable)
rPois    +         Spirit   .   (helmet unavailable)
rElec    +         Reflect  .   (cloak currently unavailable)
rCorr    .         Harm     .   (gloves currently unavailable)
MR       +....                  (boots currently unavailable)
Stlth    ..........             u - amulet of the gourmand
HPRegen  0.32/turn              t - ring of protection from cold
MPRegen  0.13/turn              q - +5 ring of evasion

@: tree-form (expiring), very slightly contaminated, invisible
A: permanent stasis, dig shafts and tunnels, four strong arms, agile 2, high mp
1
a: Heroism, Renounce Religion


You were on level 11 of the Dungeon.
You worshipped Okawaru.
Okawaru was most pleased with you.
You were not hungry.
You were a tree.
You visited 2 branches of the dungeon, and saw 12 of its levels.

You collected 378 gold pieces.

Inventory:

Hand Weapons
 g - a +0 whip of flaming
 o - the +6 broad axe of Gada (weapon) {chop, rElec rN+ Stlth-}
   (You acquired it on level 7 of the Dungeon)

   It inflicts extra damage upon your enemies.
   It insulates you from electricity.
   It protects you from negative energy.
   It makes you less stealthy.
Armour
 b - the +1 robe of the Well-Known Moons {-Cast +Fly MR+ Dex+2}
   (You found it on level 10 of the Dungeon)

   It affects your dexterity (+2).
   It affects your resistance to hostile enchantments.
   It lets you fly.
   It prevents spellcasting.
 c - a +1 shield (worn)
 d - a +0 plate armour (melded)
 e - a +1 pair of boots (melded)
 A - the +0 robe of Least Resistance {Regen+}
   (You found it on level 8 of the Dungeon)

   It increases your rate of regeneration.
 B - a +2 cloak (melded)
Jewellery
 q - a +5 ring of evasion (right branch)
 t - a ring of protection from cold (left branch)
 u - an amulet of the gourmand (around neck)
 v - an uncursed ring of magical power
Wands
 s - a wand of enslavement (13)
Scrolls
 a - a scroll of fog
 m - a scroll of enchant armour
 n - 2 scrolls of remove curse
 w - a scroll of amnesia
 D - a scroll of brand weapon {unknown}
Potions
 l - a potion of resistance {unknown}
 p - 2 potions of flight
 r - 3 potions of brilliance
 z - a potion of ambrosia {unknown}
 C - a potion of magic {unknown}
Comestibles
 f - 19 rations


   Skills:
 + Level 9.5 Fighting
 * Level 11.5 Axes
 + Level 7.1 Armour
 + Level 7.8 Shields


You had 10 spell levels left.
You didn't know any spells.
Your spell library contained the following spells:

 Spells                   Type           Power        Failure   Level  Hunger
 Lightning Bolt           Conj/Air       #.........   100%        5    ######.
 Throw Flame              Conj/Fire      #.....       63%         2    ###....
 Freezing Cloud           Conj/Ice/Air   #.........   100%        6    #######
 Regeneration             Chrm/Necr      #.........   86%         3    ####...
 Shroud of Golubria       Chrm/Tloc      #.........   63%         2    ###....
 Infusion                 Chrm           #...         50%         1    ##.....
 Song of Slaying          Chrm           #.......     63%         2    ###....
 Spectral Weapon          Hex/Chrm       #.......     86%         3    ####...
 Spellforged Servitor     Conj/Summ      #.........   100%        7    #######


Dungeon Overview and Level Annotations

Branches:
Dungeon (11/15)            Temple (1/1) D:7
   Lair: D:8-11         Orc: D:9-12

Altars:
Cheibriados
Elyvilon
Fedhas
Gozag
Hepliaklqana
Kikubaaqudgha
Makhleb
Nemelex Xobeh
Okawaru
Qazlal
Sif Muna
Trog
Uskayaw
Vehumet
Wu Jian
Yredelemnul
Zin
The Shining One

Shops:
D:8 }   D:9 *

Annotations:
D:10 Sonja
D:11 Snorg


Innate Abilities, Weirdness & Mutations

You cannot be hasted, slowed, berserked, paralysed or teleported.
You can dig through walls and to a lower floor.
Your four strong arms can wield two-handed weapons with a shield.
((You have a pair of large antennae on your head. (SInv)))
You are very agile. (Dex +4)
You have an increased reservoir of magic. (+10% MP)


Message History

You block Snorg's attack. Snorg claws you but does no damage.
It was a potion of heal wounds.
You feel much better. Snorg bites you but does no damage. Snorg claws you.
* * * LOW HITPOINT WARNING * * *
Snorg barely misses you.
You closely miss Snorg.
Snorg is heavily wounded.
You catch the helpless two-headed ogre completely off-guard!
You hit the two-headed ogre.
Snorg goes berserk!
Unknown command.
You hit Snorg.
Snorg is heavily wounded.
You slash the two-headed ogre!
The adder hisses angrily.
Snorg bites you!!
* * * LOW HITPOINT WARNING * * *
Snorg claws you but does no damage. You block Snorg's attack.
You block the two-headed ogre's attack.
The two-headed ogre hits you with a giant spiked club.
You die...

###
...
{
#..
#[#
{
#S#
#Y#
#T#
#♣#
#O#


Ss. ..#.. ##. .## ## ## You could see Snorg (berserk), a two-headed ogre, an ice
beast (wandering), a scorpion and 2 adders.

Vanquished Creatures
  A troll (D:9)
  2 wraiths (D:10)
  A hungry ghost (D:7)
  Edmund (D:5)
  A water moccasin (D:10)
  2 ice beasts
  4 orc warriors
  2 sky beasts
  A black bear (D:8)
  A necrophage (D:9)
  5 phantoms
  9 centaurs
  6 ogres
  3 bullfrogs
  3 big kobolds
  5 scorpions
  A water moccasin skeleton (D:7)
  8 wights (D:8)
  5 howler monkeys
  7 crimson imps
  2 centaur zombies
  3 bullfrog zombies
  7 hounds
  5 orc priests
  A gnoll shaman (D:9)
  2 jellies
  2 orc wizards
  3 bullfrog skeletons
  A centaur skeleton (D:8)
  2 iguanas
  6 worker ants
  4 gnolls (D:9)
  6 adders
  A shadow imp (D:8)
  3 oozes
  An adder zombie (D:9)
  2 worms
  8 dart slugs
  7 leopard geckos
  17 orcs
  7 bats
  A giant cockroach (D:4)
  3 goblins (D:1)
  6 hobgoblins
  8 jackals
  5 quokkas
  4 frilled lizards
  2 jackal zombies
  21 kobolds
  A leopard gecko skeleton (D:8)
  7 rats
216 creatures vanquished.

Notes
Turn   | Place    | Note
-------+----------+-------------------------------------------
     0 | D:1      | vineage the Formicid Fighter began the quest for the Orb.
     0 | D:1      | Reached XP level 1. HP: 18/18 MP: 1/1
   111 | D:1      | Reached XP level 2. HP: 18/24 MP: 2/2
   262 | D:1      | Reached skill level 3 in Axes
   262 | D:1      | Reached XP level 3. HP: 25/30 MP: 3/3
  1184 | D:2      | Reached XP level 4. HP: 37/37 MP: 4/4
  1537 | D:2      | Found a burning altar of Makhleb.
  1872 | D:3      | Found a blossoming altar of Fedhas.
  1895 | D:3      | Found a sparkling altar of Nemelex Xobeh.
  2189 | D:3      | Reached skill level 4 in Axes
  2350 | D:4      | Reached XP level 5. HP: 24/43 MP: 5/5
  3091 | D:4      | Noticed an ogre
  3102 | D:4      | Killed an ogre
  3102 | D:4      | Reached skill level 5 in Fighting
  3102 | D:4      | Reached skill level 5 in Axes
  3102 | D:4      | Reached XP level 6. HP: 9/51 MP: 6/6
  3514 | D:5      | Entered Level 5 of the Dungeon
  3693 | D:5      | Noticed a sky beast
  3696 | D:5      | Noticed a phantom
  3714 | D:5      | Killed a sky beast
  3714 | D:5      | Reached skill level 6 in Axes
  3714 | D:5      | Reached XP level 7. HP: 45/56 MP: 7/7
  3906 | D:5      | Noticed Edmund
  3935 | D:5      | Killed Edmund
  3974 | D:5      | Reached skill level 7 in Axes
  3974 | D:5      | Reached XP level 8. HP: 46/64 MP: 8/8
  4440 | D:5      | Reached skill level 8 in Axes
  4970 | D:6      | Reached XP level 9. HP: 59/72 MP: 9/9
  5125 | D:6      | Found a basalt altar of Yredelemnul.
  5134 | D:6      | Reached skill level 9 in Axes
  5447 | D:6      | Reached skill level 5 in Shields
  6014 | D:7      | Found a staircase to the Ecumenical Temple.
  6032 | Temple   | Entered the Ecumenical Temple
  6083 | Temple   | Became a worshipper of Warmaster Okawaru
  6141 | D:7      | Identified a scroll of acquirement
  6144 | D:7      | Got a fine broad axe
  6145 | D:7      | Identified the +6 broad axe of Gada {chop, rElec rN+ Stlth-} (You acquired it on level 7 of the Dungeon)
  6182 | D:7      | Reached skill level 5 in Armour
  6323 | D:7      | Reached XP level 10. HP: 44/80 MP: 10/10
  6495 | D:7      | Reached skill level 10 in Axes
  6520 | D:7      | Identified the Disquisition on Confrontation
  6734 | D:8      | Found Humaf's Gadget Emporium.
  6737 | D:8      | Reached * piety under Okawaru
  6858 | D:8      | Got a dull robe
  6860 | D:8      | Gained mutation: You are partially covered in slimy green scales. (AC +2) [potion of mutation]
  6860 | D:8      | Gained mutation: You are frail. (-10% HP) [potion of mutation]
  6860 | D:8      | Gained mutation: You are agile. (Dex +2) [potion of mutation]
  6861 | D:8      | Lost mutation: You are frail. (-10% HP) [potion of mutation]
  6861 | D:8      | Lost mutation: You are partially covered in slimy green scales. (AC +2) [potion of mutation]
  6861 | D:8      | Gained mutation: You are very agile. (Dex +4) [potion of mutation]
  6861 | D:8      | Gained mutation: You have an increased reservoir of magic. (+10% MP) [potion of mutation]
  6934 | D:8      | You fall through a shaft!
  6957 | D:9      | Reached ** piety under Okawaru
  7243 | D:8      | Identified the +0 robe of Least Resistance {Regen+} (You found it on level 8 of the Dungeon)
  7534 | D:8      | Found a deep blue altar of Sif Muna.
  7535 | D:8      | Found a glowing golden altar of the Shining One.
  7671 | D:9      | Found Qukekk's Assorted Antiques.
  7775 | D:9      | Reached skill level 11 in Axes
  7998 | D:9      | Reached *** piety under Okawaru
  8002 | D:9      | Reached XP level 11. HP: 59/89 MP: 12/12
  8220 | D:10     | Entered Level 10 of the Dungeon
  8253 | D:10     | Got a sheer robe
  8264 | D:10     | Identified the +1 robe of the Well-Known Moons {-Cast +Fly MR+ Dex+2} (You found it on level 10 of the Dungeon)
  8276 | D:10     | Noticed Sonja
  8313 | D:11     | Noticed Snorg
  8321 | D:11     | Noticed a two-headed ogre
  8322 | D:11     | HP: 4/133 [Snorg (11)]
  8325 | D:11     | Slain by a two-headed ogre

Vault maps used:
D:1:      mrwooster_arrival_arrow
D:2:      lemuel_crystal_altar, first_ration
D:3:      fedhas_altar_2, nemelex_xobeh_ov_fountains_minmay
D:4:      roderic_lattice_a
D:5:      dk_noncrumbling_4, minmay_misc_feat_rugged, uniq_edmund
D:6:      old_standard_altar, minmay_misc_feat_encased
D:7:      minmay_temple_entry_junction_2, kennysheep_crisscross
D:8:      nicolae_overflow_hidden_temple, serial_shops,
          nicolae_shop_window_shopping
D:9:      serial_shops, shop
D:10:     lair_entry_dummy, serial_shops, kennysheep_mini, uniq_sonja
D:11:     portal_ice_cave_demonic_guard, grunt_livestock, uniq_snorg, uniq_erica
Temple:   kb_temple_of_zot

Skill      XL: |  1  2  3  4  5  6  7  8  9 10 11 |
---------------+----------------------------------+-----
Axes           | 3 4 5 6 7 8 9 11 | 11.5
Fighting       | 4 5 6 7 8 9 |  9.5
Shields        | 4 5 7 |  7.8
Armour         | 5 6 7 |  7.1

Action                   |  1- 3 |  4- 6 |  7- 9 | 10-12 || total
-------------------------+-------+-------+-------+-------++-------
Melee: War axe           |   104 |   148 |   292 |       ||   544
       Broad axe         |       |       |    29 |   210 ||   239
 Abil: Dig               |       |       |     1 |       ||     1
  Use: Scroll            |     2 |     8 |     6 |     6 ||    22
       Potion            |       |     3 |       |     9 ||    12
 Stab: Invisible         |       |       |       |     8 ||     8
  Eat: Chunk             |       |     6 |     2 |     1 ||     9
       Ration            |       |     1 |     2 |     2 ||     5
Armor: Scale mail        |    45 |    37 |       |       ||    82
       Plate armour      |       |    19 |   147 |    81 ||   247
       Skin              |       |       |       |    14 ||    14
Dodge: Dodged            |    34 |    37 |    51 |    64 ||   186
Block: Shield            |    64 |    83 |   164 |   148 ||   459

Table legend:
 A = Spawn XP
 B = Non-spawn XP
 C = Spawn XP percentage of total XP
 D = Spawn monster count
 E = Non-spawn monster count
 F = Spawn count percentage of total count
 G = Total turns spent on level
                    A         B        C        D         E        F      G
               +---------+---------+-------+---------+---------+-------+---------
         Total |       0 |    9122 |   0.0 |       0 |     216 |   0.0 |  8325
               +---------+---------+-------+---------+---------+-------+---------
           D:1 |       0 |      54 |   0.0 |       0 |      25 |   0.0 |   898
           D:2 |       0 |      29 |   0.0 |       0 |      11 |   0.0 |   821
           D:3 |       0 |      49 |   0.0 |       0 |      17 |   0.0 |   557
           D:4 |       0 |     234 |   0.0 |       0 |      10 |   0.0 |  1238
           D:5 |       0 |    1388 |   0.0 |       0 |      19 |   0.0 |  1385
           D:6 |       0 |    1210 |   0.0 |       0 |      24 |   0.0 |   912
           D:7 |       0 |    1350 |   0.0 |       0 |      27 |   0.0 |   836
           D:8 |       0 |    1127 |   0.0 |       0 |      27 |   0.0 |   714
           D:9 |       0 |    2665 |   0.0 |       0 |      45 |   0.0 |   772
          D:10 |       0 |     674 |   0.0 |       0 |       5 |   0.0 |    79
          D:11 |       0 |     342 |   0.0 |       0 |       6 |   0.0 |    26
               +---------+---------+-------+---------+---------+-------+---------
